 Dungeon Crawl Stone Soup version 0.30-a0-385-gfebfb9b408 (webtiles) character file.

Game seed: 12533903643036584323

37566 retardedninja the Tortoise (level 13, -15/100 HPs)
             Began as a Hill Orc Fighter on Dec 2, 2022.
             Was an Initiate of Gozag.
             Demolished by a large abomination (22 damage)
             ... on level 3 of the Abyss.
             The game lasted 00:34:44 (21605 turns).

retardedninja the Tortoise (Hill Orc Fighter)      Turns: 21605, Time: 00:34:45

Health: -15/100    AC: 30    Str: 27 (28) XL:     13   Next: 97%
Magic:  19/19      EV:  8    Int: 10      God:    Gozag
Gold:   66         SH:  0    Dex:  5 (6)  Spells: 12/12 levels left

rFire   + . .      SeeInvis .    f - +6 battleaxe (freeze)
rCold   x x .      Faith    .    (shield currently unavailable)
rNeg    + . .      Spirit   .    C - +12 plate armour of Elyvilon, Shimmering {MP+9 Str+4}
rPois   +          Reflect  .    H - +0 helmet of the Seven Dancing Ears {rPois rN+ Int+2 Stlth+}
rElec   .          Harm     .    r - +1 cloak
rCorr   +          Rampage  .    h - +0 pair of gloves
Will    .....                    (no boots)
Stlth   ..........               (no amulet)
HPRegen 0.36/turn                a - ring of protection from fire
MPRegen 0.16/turn                m - ring of resist corrosion

@: mighty, unable to read, unable to drink
A: [clumsy 2], [deformed body], [deterioration 2], [frail 2], [low MP 2], [cold
vulnerability 2], [inability to drink after injury 2], [inability to read after
injury 2]
a: Renounce Religion, Potion Petition, Call Merchant, Bribe Branch


You were on level 3 of the Abyss.
You worshipped Gozag.
Gozag was noncommittal.
You visited 3 branches of the dungeon, and saw 16 of its levels.
You visited the Abyss 2 times.

You collected 3407 gold pieces.
You spent 998 gold pieces at shops.
You paid 2343 gold pieces to Gozag.

Inventory:

Hand Weapons
 f - a +6 battleaxe of freezing (weapon)
Missiles
 c - a throwing net (quivered)
 j - 95 stones
Armour
 h - a +0 pair of gloves (worn)
 r - a +1 cloak (worn)
 C - the +12 plate armour of Elyvilon, Shimmering (worn) {MP+9 Str+4}
   (You bought it in a shop on level 1 of the Lair of Beasts)

   Str:       It affects your strength (+4).
   MP:        It affects your magic capacity (+9).
 H - the +0 helmet of the Seven Dancing Ears (worn) {rPois rN+ Int+2 Stlth+}
   (You bought it in a shop on level 1 of the Lair of Beasts)

   Int:       It affects your intelligence (+2).
   rPois:     It protects you from poison.
   rN:        It protects you from negative energy.
   Stlth:     It makes you more stealthy.
Jewellery
 a - a ring of protection from fire (left hand)
 g - the amulet of Elemental Vulnerability {rPois rF-- rC-- AC+8}
   (You found it on level 8 of the Dungeon)

   [amulet of nothing]

   AC:        It affects your AC (+8).
   rF:        It makes you very vulnerable to fire.
   rC:        It makes you very vulnerable to cold.
   rPois:     It protects you from poison.
 m - a ring of resist corrosion (right hand)
Wands
 b - a wand of flame (16)
 l - a wand of mindburst (13)
 o - a wand of roots (11)
 x - a wand of paralysis (6)
Scrolls
 d - a scroll of teleportation
 i - 3 scrolls of vulnerability
 p - 4 scrolls of noise
 q - 9 scrolls of identify
 s - a scroll of fear
 t - a scroll of magic mapping
 D - a scroll of butterflies
Potions
 e - 3 potions of brilliance
 n - 8 potions of degeneration
 v - 3 potions of mutation
 z - a potion of curing
 A - 3 potions of flight
 F - a potion of ambrosia
 G - 2 potions of attraction


   Skills:
 + Level 14.6 Fighting
 + Level 15.5 Axes
 + Level 16.8 Armour
 + Level 13.4 Shields


You had 12 spell levels left.
You didn't know any spells.
Your spell library contained the following spells:

 Spells                   Type           Power      Damage    Failure   Level
 Beastly Appendage        Tmut           0%         N/A       91%         1
 Sandblast                Erth           0%         2d4       91%         1
 Blink                    Tloc           0%         N/A       97%         2
 Cigotuvi's Dreadful Rot  Necr/Pois/Air  0%         N/A       97%         2
 Momentum Strike          Conj/Tloc      0%         3d8       97%         2
 Passwall                 Tmut/Erth      0%         N/A       97%         2
 Poisonous Vapours        Pois/Air       0%         N/A       97%         2
 Wereblood                Tmut           0%         N/A       97%         2
 Dazzling Flash           Conj/Hex       0%         N/A       100%        3
 Lesser Beckoning         Tloc           0%         N/A       100%        3
 Mephitic Cloud           Conj/Pois/Air  0%         N/A       100%        3
 Spider Form              Tmut/Pois      0%         N/A       100%        3
 Stone Arrow              Conj/Erth      0%         3d7       100%        3
 Agony                    Necr           0%         N/A       100%        5
 Fireball                 Conj/Fire      0%         3d3       100%        5
 Iskenderun's Battlesphe  Conj           0%         2d6       100%        5
 Silence                  Hex/Air        0%         N/A       100%        5
 Conjure Ball Lightning   Conj/Air       0%         3x3d6     100%        6
 Orb of Destruction       Conj           0%         9d5       100%        7


Dungeon Overview and Level Annotations

Branches:
Dungeon (11/15)            Temple (1/1) D:6            Lair (4/5) D:11
  Swamp (0/4) Lair:3        Snake (0/4) Lair:2
  Slime: Lair:4-5       Orc: D:9-12

Altars:
Ashenzari
Cheibriados
Dithmenos
Elyvilon
Fedhas
Gozag
Hepliaklqana
Kikubaaqudgha
Makhleb
Nemelex Xobeh
Okawaru
Qazlal
Ru
Sif Muna
Trog
Uskayaw
Vehumet
Wu Jian
Xom
Yredelemnul
Zin
The Shining One

Shops:
D:2 !   D:4 (   Lair:1 [

Annotations:
Lair:4 Sonja


Innate Abilities, Weirdness & Mutations

[You are very clumsy. (Dex -4)]
[Armour fits poorly on your strangely shaped body.]
[Your body often deteriorates upon taking damage.]
[You are very frail. (-20% HP)]
[Your magical capacity is very low. (-20% MP)]
[You are very vulnerable to cold. (rC--)]
[You sometimes lose the ability to drink potions when taking damage.]
[You sometimes lose the ability to read scrolls when taking damage.]


Message History

You no longer have enough gold to petition Gozag for potion effects.
You feel much better. Magic courses through your body.
The large abomination barely misses you.
Something hits you but does no damage.
The tentacled starspawn bites you but does no damage.
The tentacled starspawn tentacle-slaps you!
A hellwing comes into view.
A chaos spawn comes into view.
Something hits you but does no damage.
The large abomination barely misses you.
Something hits you but does no damage.
The chaos spawn moves out of view.
Something hits you.
* * * LOW HITPOINT WARNING * * *
The large abomination barely misses you.
You can drink potions again.
Tentacles burst from the starspawn's body!
A starspawn tentacle comes into view.
The large abomination hits you but does no damage.
The large abomination barely misses you.
You can read scrolls again.
You flicker for a moment.
The large abomination barely misses you.
Tentacles burst from the starspawn's body! 2 starspawn tentacles come into view.
The large abomination hits you but does no damage.
The large abomination hits you!
You feel threatened and lose the ability to read scrolls!
You feel threatened and lose the ability to drink potions!
* * * LOW HITPOINT WARNING * * *
You flicker back into view.
The large abomination hits you!
* * * LOW HITPOINT WARNING * * *
Okay, then.
You cannot drink potions in your current state!
Okay, then.
You feel yourself speed up.
A tentacle flies out from the starspawn's body!
The large abomination hits you!!
You die...
Your body crumbles into a pile of gold.

## ### .
##..##.
#..#..#
###..─w.##
.. #.@.# .
#.###X.# .
#..─X.#
..#..#w###
#.. #X#
##.#.##.##
#. #....#.
.
.####.###
#. ##..#


You could see a tentacled starspawn, 2 large abominations and 2 starspawn
tentacles.

Vanquished Creatures
  Gastronok (D:10)
  Nessos (Lair:4)
  Josephine (D:10)
  The ghost of DeathPants the Covert, a journeyman VSEn of Gozag (Lair:1)
  A two-headed ogre (D:8)
  4 death yaks (Lair:4)
  Amaemon (Lair:3)
  A wretched star (Abyss:1)
  Pikel (D:5)
  A manticore (D:11)
  3 elephants (Lair:3)
  6 black mambas
  A torpor snail (Lair:1)
  7 cane toads
  2 rime drakes (Lair:1)
  An orange demon (Lair:3)
  A kobold demonologist (D:5)
  2 komodo dragons
  An ancient zyme (Abyss:3)
  A polar bear (Lair:2)
  13 blink frogs
  A hornet (D:8)
  A troll (D:11)
  Grinder (D:4)
  13 dream sheep
  A shadow (D:11)
  A ynoxinul (Abyss:1)
  A wraith (D:10)
  2 wyverns
  2 basilisks
  42 yaks
  3 steam dragons
  8 vampire mosquitoes
  A chaos spawn (Abyss:3)
  2 hell hounds (Lair:4)
  A small abomination (Abyss:2)
  15 water moccasins
  3 ice beasts
  2 swamp drakes (Lair:1)
  5 orc warriors
  A black bear (D:5)
  3 sky beasts (D:7)
  4 centaurs
  8 wolves
  3 ogres
  2 lemures (D:5)
  A phantom (D:6)
  5 kobold brigands
  13 bullfrogs
  2 necrophages
  2 gnoll sergeants
  5 scorpions
  11 wights
  14 killer bees
  2 electric eels
  5 howler monkeys
  A gnoll bouda (D:7)
  A hound (D:5)
  5 jellies
  9 orc priests
  3 iguanas
  9 orc wizards
  7 hell rats (Lair:4)
  Ijyb (D:4)
  16 gnolls
  7 adders
  2 white imps
  2 ufetubi (D:5)
  3 worms (D:2)
  3 dart slugs
  45 orcs
  6 ball pythons
  10 endoplasms
  4 giant cockroaches
  5 goblins
  5 hobgoblins
  6 quokkas
  4 bats
  3 frilled lizards
  20 kobolds
  9 rats
  A bush (D:8)
424 creatures vanquished.

Vanquished Creatures (others)
  31 fungi
  28 plants
  8 starspawn tentacles (Abyss:3)
67 creatures vanquished.

Grand Total: 491 creatures vanquished

Notes
Turn   | Place    | Note
-------+----------+-------------------------------------------
     0 | D:1      | retardedninja the Hill Orc Fighter began the quest for the
                  | Orb.
     0 | D:1      | Reached XP level 1. HP: 19/19 MP: 1/1
   163 | D:1      | Reached XP level 2. HP: 26/27 MP: 2/2
   720 | D:2      | Reached XP level 3. HP: 31/33 MP: 3/3
  1057 | D:2      | Found Zonwunt's Distillery.
  1099 | D:2      | Reached XP level 4. HP: 40/40 MP: 4/4
  1600 | D:3      | Reached skill level 4 in Armour
  1759 | D:3      | Found a bloodstained altar of Trog.
  2081 | D:4      | Noticed an ogre
  2087 | D:3      | Reached XP level 5. HP: 47/47 MP: 5/5
  2102 | D:3      | Killed an ogre
  2103 | D:3      | Reached skill level 5 in Fighting
  2103 | D:3      | Reached XP level 6. HP: 12/56 MP: 6/6
  2475 | D:3      | Identified a scroll of acquirement
  2475 | D:3      | Acquired a manual of Armour
  2720 | D:4      | Noticed Ijyb
  2728 | D:4      | Reached skill level 5 in Axes
  2728 | D:4      | Reached skill level 5 in Armour
  2735 | D:4      | Killed Ijyb
  2736 | D:4      | Reached skill level 5 in Shields
  2842 | D:4      | Reached XP level 7. HP: 61/61 MP: 7/7
  2966 | D:4      | Noticed Grinder
  2974 | D:4      | Paralysed by Grinder for 4 turns
  2989 | D:4      | Killed Grinder
  2990 | D:4      | Reached skill level 6 in Armour
  3088 | D:4      | Found Kurop's Weapon Shoppe.
  3091 | D:4      | Bought 6 stones for 6 gold pieces
  3091 | D:4      | Bought 6 stones for 6 gold pieces
  3091 | D:4      | Bought 4 stones for 4 gold pieces
  3091 | D:4      | Bought 7 stones for 7 gold pieces
  3305 | D:5      | Entered Level 5 of the Dungeon
  4143 | D:5      | Reached XP level 8. HP: 71/71 MP: 8/8
  4371 | D:5      | Reached skill level 7 in Armour
  4502 | D:5      | Noticed a kobold demonologist
  4533 | D:5      | Noticed a hellwing
  4545 | D:5      | Killed a kobold demonologist
  4546 | D:5      | Reached skill level 8 in Armour
  5020 | D:5      | Noticed Pikel
  5036 | D:5      | Killed Pikel
  5037 | D:5      | Reached skill level 9 in Armour
  5037 | D:5      | Reached XP level 9. HP: 16/81 MP: 9/9
  6325 | D:6      | Found a staircase to the Ecumenical Temple.
  6333 | D:6      | Reached skill level 10 in Armour
  6371 | Temple   | Entered the Ecumenical Temple
  6873 | Temple   | Became a worshipper of Gozag Ym Sagoz the Greedy
  7287 | D:6      | Reached XP level 10. HP: 91/91 MP: 10/10
  7763 | D:7      | Found a hide-covered altar of Uskayaw.
  7912 | D:7      | Reached skill level 11 in Armour
  7939 | D:7      | Found a snail-covered altar of Cheibriados.
  7994 | D:7      | Found a sacrificial altar of Ru.
  8711 | D:8      | Reached skill level 10 in Axes
  8740 | D:8      | Reached skill level 10 in Fighting
  8744 | D:8      | Reached skill level 12 in Armour
  9009 | D:8      | Found an iron altar of Okawaru.
  9075 | D:8      | Found a blossoming altar of Fedhas.
  9648 | D:8      | Noticed a two-headed ogre
  9657 | D:8      | Killed a two-headed ogre
  9658 | D:8      | Reached XP level 11. HP: 46/101 MP: 11/11
  9870 | D:8      | Found the amulet of Elemental Vulnerability {rPois rF--
                  | rC-- AC+8}
 10590 | D:9      | Reached skill level 13 in Armour
 10595 | D:9      | Reached skill level 10 in Shields
 11271 | D:9      | Found a shimmering blue altar of Sif Muna.
 11361 | D:10     | Entered Level 10 of the Dungeon
 11910 | D:10     | Noticed Gastronok
 11924 | D:10     | Killed Gastronok
 13212 | D:11     | Noticed a manticore
 13230 | D:11     | Reached skill level 14 in Armour
 13248 | D:11     | Killed a manticore
 13714 | D:11     | Found a staircase to the Lair.
 14388 | D:11     | Noticed Josephine
 14410 | D:10     | Killed Josephine
 14411 | D:10     | Reached XP level 12. HP: 90/112 MP: 12/12
 14480 | Lair:1   | Entered Level 1 of the Lair of Beasts
 14725 | Lair:1   | Found a runed translucent door.
 14795 | Lair:1   | Reached skill level 15 in Armour
 15651 | Lair:1   | Noticed DeathPants's ghost (journeyman VSEn)
 15824 | Lair:1   | Killed DeathPants's ghost
 16503 | Lair:2   | Found a staircase to the Snake Pit.
 16883 | Lair:2   | Reached XP level 13. HP: 115/122 MP: 13/13
 17520 | Lair:1   | Bought a heavily runed plate armour for 728 gold pieces
 17520 | Lair:1   | Identified the +12 plate armour of Elyvilon, Shimmering
                  | {MP+9 Str+4} (You bought it in a shop on level 1 of the
                  | Lair of Beasts)
 17639 | Lair:3   | Reached skill level 16 in Armour
 17777 | Lair:3   | Found a staircase to the Swamp.
 18242 | Lair:3   | Noticed Amaemon
 18249 | Lair:3   | Killed Amaemon
 18889 | Lair:4   | Reached skill level 15 in Axes
 19268 | Lair:4   | Noticed Sonja
 19268 | Lair:4   | Noticed Nessos
 19607 | Lair:4   | Killed Nessos
 19953 | Lair:4   | Identified the +1 leather armour of the Lobster {Regen+
                  | Int-5 Dex+3 Slay+3}
 20413 | Lair:1   | Bought a faintly humming helmet for 247 gold pieces
 20413 | Lair:1   | Identified the +0 helmet of the Seven Dancing Ears {rPois
                  | rN+ Int+2 Stlth+} (You bought it in a shop on level 1 of
                  | the Lair of Beasts)
 20653 | Abyss:1  | Found a corrupted altar of Lugonu.
 20653 | Abyss:1  | Cast into level 1 of the Abyss (Sonja)
 20745 | Abyss:1  | Found a corrupted altar of Lugonu.
 20754 | Abyss:1  | Noticed an Executioner
 20897 | Lair:4   | Escaped the Abyss
 21338 | Abyss:2  | Cast into level 2 of the Abyss (Sonja)
 21403 | Abyss:3  | Found a corrupted altar of Lugonu.
 21492 | Abyss:3  | Noticed a lich
 21589 | Abyss:3  | Noticed a tentacled starspawn
 21605 | Abyss:3  | Demolished by a large abomination

Illustrated notes

Levels and vault maps discovered:
D:1:      dpeg_arrival_concentric_ovals, layout_loops_ring
D:2:      wad_crossroads, layout_rooms, serial_shops, shop
D:3:      layout_loops_ring, trog_three_pillars_becter
D:4:      layout_rooms, serial_shops, kennysheep_mini_moat, uniq_ijyb,
          uniq_grinder
D:5:      minmay_chambers_of_fours, layout_cave_pods, uniq_pikel
D:6:      layout_cave_pods, minmay_temple_entry_large_hall
D:7:      layout_rooms, mainiacjoe_overflow_catch_the_wave,
          nicolae_uskayaw_dance_studio
D:8:      layout_cave_pools, okawaru_ov_weapons_minmay,
          fedhas_bush_and_centaur_altar, corner_web_ring,
          minmay_misc_feat_nine_boxes
D:9:      layout_cave_pools, tgw_sif, serial_column_ruins,
          column_ruins_hut_pillars, column_ruins_square_huge,
          column_ruins_grid_1, column_ruins_open_tiny_water,
          column_ruins_grid_1, column_ruins_columns_straight,
          column_ruins_corridor_straight, column_ruins_columns_corner
D:10:     layout_layer_cave, uniq_gastronok
D:11:     layout_roguey [special_room_bee], grunt_lair_entry_orc_guard_hut,
          kennysheep_orc_monster_closet_entryway, gammafunk_ghost_ooze,
          serial_shops, nicolae_take_the_stairs, uniq_josephine
Temple:   hellmonk_temple_two_chambers
Lair:1:   layout_hall_layers, ebering_ghost_reflecting_pool,
          gauntlet_entry_generic, pond, infiniplex_staircase_pool_2,
          grunt_megastairs_3
Lair:2:   layout_chaotic_city, minmay_snake_entry_six_corridors
Lair:3:   layout_roguey, swamp_mist_pool, uniq_amaemon
Lair:4:   layout_cave_pods, enter_volcano_3, amcnicky_mini_pool_medium,
          uniq_nessos, uniq_sonja
Abyss:3:  base: D:7, minivault_4, minivault_27, minivault_28,
          hangedman_stitches_earthworm, due_evilmike_abyss_rune_seething_liches,
          due_evilmike_abyss_rune_seething_liches

Skill      XL: |  1  2  3  4  5  6  7  8  9 10 11 12 13 |
---------------+----------------------------------------+-----
Axes           | 3 4 5 6 8 9 11 12 14 15 | 15.5
Fighting       | 4 5 6 7 9 10 12 13 14 | 14.6
Shields        | 4 5 7 8 9 11 12 13 | 13.4
Armour         | 4 5 6 9 10 12 14 15 16 | 16.8

Action                   |  1- 3 |  4- 6 |  7- 9 | 10-12 | 13-15 || total
-------------------------+-------+-------+-------+-------+-------++-------
Melee: War axe           |    83 |   104 |   174 |       |       ||   361
       Battleaxe         |       |       |    67 |   523 |   233 ||   823
Throw: Stone             |       |       |    21 |    19 |     1 ||    41
       Javelin           |       |       |       |       |     5 ||     5
Invok: Potion Petition   |       |       |       |     2 |     3 ||     5
       Call Merchant     |       |       |       |     1 |       ||     1
Evoke: Wand              |       |       |       |     1 |       ||     1
  Use: Potion            |       |     3 |     4 |     6 |     4 ||    17
       Scroll            |       |    13 |     3 |    11 |     8 ||    35
 Stab: Distracted        |       |       |     1 |     1 |       ||     2
Armor: Scale mail        |    13 |       |       |       |       ||    13
       Chain mail        |    27 |    92 |   165 |   481 |    10 ||   775
       Plate armour      |       |       |       |       |   336 ||   336
Dodge: Dodged            |    48 |    44 |   112 |   337 |   182 ||   723
Block: Buckler           |    12 |    26 |    73 |       |       ||   111

Table legend: (Time is in decaauts)
 A = Elapsed time spent in this place.
 B = Non-inter-level travel time spent in this place.
 C = Inter-level travel time spent in this place.
 D = Time resting spent in this place.
 E = Time spent auto-exploring this place.
 F = Levels seen in this place.
 G = Mean time per level.
                   A        B        C        D        E       F      G
               +--------+--------+--------+--------+--------+-----+--------+
         Total |  21841 |  21305 |    536 |   7393 |  10597 |  19 | 1149.5 |
       Dungeon |  14150 |  13784 |    366 |   4918 |   6842 |  11 | 1286.4 |
        Temple |    522 |    522 |      0 |    493 |      3 |   1 |  522.0 |
          Lair |   6641 |   6471 |    170 |   1856 |   3692 |   4 | 1660.2 |
         Abyss |    526 |    526 |      0 |    126 |     59 |   3 |  175.3 |
               +--------+--------+--------+--------+--------+-----+--------+

Top non-repeatable levels by time:
    D:10: 2795 daAuts
     D:5: 2752 daAuts
  Lair:3: 1902 daAuts
     D:8: 1753 daAuts
  Lair:2: 1674 daAuts
  Lair:1: 1623 daAuts
  Lair:4: 1441 daAuts
     D:3: 1364 daAuts
     D:6: 1135 daAuts
     D:7: 1040 daAuts
     D:9: 917 daAuts
     D:1: 714 daAuts
     D:2: 690 daAuts
     D:4: 600 daAuts
  Temple: 522 daAuts
